 Dungeon Crawl Stone Soup version 0.25-a0-578-gc91f01c39c (webtiles) character file.

Game seed: 10096009861269226928, levelgen mode: deterministic

4 drasked the Firebug (level 1, -2/10 HPs)
             Began as a Deep Elf Fire Elementalist on Mar 7, 2020.
             Slain by a leopard gecko (5 damage)
             ... on level 1 of the Dungeon.
             The game lasted 00:00:37 (80 turns).

drasked the Firebug (Deep Elf Fire Elementalist)      Turns: 80, Time: 00:00:37

Health: -2/10      AC:  2    Str:  5    XL:     1   Next: 58%
Magic:  3/6        EV: 13    Int: 19    God:
Gold:   0          SH:  0    Dex: 15    Spells: 5/6 levels left

rFire    . . .     SeeInvis .   (no weapon)
rCold    . . .     Gourm    .   (no shield)
rNeg     . . .     Faith    .   a - +0 robe
rPois    .         Spirit   .   (no helmet)
rElec    .         Reflect  .   (no cloak)
rCorr    .         Harm     .   (no gloves)
MR       .....                  (no boots)
Stlth    ++........             (no amulet)
HPRegen  0.03/turn              (no ring)
MPRegen  0.10/turn              (no ring)

@: very slightly contaminated
A: no striking features
a: no special abilities


You were on level 1 of the Dungeon.
You were not hungry.

You visited 1 branch of the dungeon, and saw 1 of its levels.

Inventory:

Hand Weapons
 b - a +0 short sword
   (You took it off a kobold on level 1 of the Dungeon)
Armour
 a - a +0 robe (worn)
Comestibles
 e - a ration


   Skills:
 - Level 2.4 Dodging
 - Level 2.4 Stealth
 - Level 3.0 Spellcasting
 + Level 1.5 Conjurations
 + Level 3.5 Fire Magic


You had 5 spell levels left.
You knew the following spells:

 Your Spells              Type           Power        Failure   Level  Hunger
a - Foxfire               Conj/Fire      ##..         5%          1    None

Your spell library contained the following spells:

 Spells                   Type           Power        Failure   Level  Hunger
 Conjure Flame            Conj/Fire      ##......     16%         3    ###....
 Inner Flame              Hex/Fire       #.......     22%         3    ###....
 Sticky Flame             Conj/Fire      ##......     47%         4    ####...
 Fireball                 Conj/Fire      ##........   83%         5    ######.


Dungeon Overview and Level Annotations

Branches:
Dungeon (1/15)

Altars:


Message History

e - a ration Welcome, drasked the Deep Elf Fire Elementalist.
The bosom of this dungeon contains the transcendent artefact, the Orb of Zot.
Found a staircase leading out of the dungeon.
You open the large door.
There is a large open door here.
You open the large door.
There is a large open door here.
The kobold shouts!
You open the large door.
A kobold comes into view. It is wielding a +0 dagger.
The kobold shouts!
You hear a bark! x2
A jackal comes into view.
You conjure some foxfire!
The foxfire hits the kobold.
A jackal comes into view.
The foxfire hits the kobold but does no damage.
You conjure some foxfire!
The kobold closely misses you.
The foxfire hits the kobold. x2
You kill the kobold!
You conjure some foxfire!
The foxfire hits the jackal.
The foxfire hits the jackal.
You kill the jackal!
You conjure some foxfire!
The jackal bites you. x2
* * * LOW HITPOINT WARNING * * *
The foxfire hits the jackal but does no damage.
The foxfire hits the jackal.
The jackal barely misses you.
You conjure some foxfire!
* * * LOW MAGIC WARNING * * *
The jackal bites you.
* * * LOW HITPOINT WARNING * * *
A kobold comes into view.
The foxfire hits the kobold.
The jackal barely misses you.
The foxfire hits the kobold.
You kill the kobold!
The jackal bites you.
* * * LOW HITPOINT WARNING * * *
You conjure some foxfire!
* * * LOW MAGIC WARNING * * *
The jackal bites you but does no damage.
The foxfire hits the jackal.
You kill the jackal!
You conjure some foxfire!
* * * LOW MAGIC WARNING * * *
The foxfire hits the kobold.
You kill the kobold!
There is a large open door here.
You see here a jackal corpse.
You butcher the jackal corpse.
A kobold comes into view.
There is a large open door here.
Things that are here:
2 chunks of flesh {@w0}; a jackal skeleton You hear a splash.
You close the large door, pushing everything out of the way.
b - a +0 short sword You start resting.
The leopard gecko hisses angrily.
The kobold shouts!
The leopard gecko is too close now for your liking.
You miscast Foxfire.
You are very lightly contaminated with residual magic.
Your skin glows momentarily.
The bat barely misses you. The leopard gecko bites you.
Ouch! That really hurt!
You die...

#≈≈§§§..§≈§§≈#
#≈≈≈≈§..§≈≈§≈#
#...§§..§....#
######''######
#≈≈≈≈≈..≈≈≈≈≈#
#≈..........≈#
#≈.########.≈#
#≈..........≈#
#≈≈≈≈≈.@†≈≈≈≈#
######l'######
..8r.8%Kb)8?.8.
≈≈≈≈≈≈≈..≈≈≈≈≈≈
....(##.........
..... #.........
K... ####......
.... ####.. ...


You could see a leopard gecko, a bat, a kobold and a rat.

Levels and vault maps discovered:
D:1:      lightli_arrival_isolated_outpost, layout_rooms, minmay_octomino_j4

Notes
Turn   | Place    | Note
-------+----------+-------------------------------------------
     0 | D:1      | drasked the Deep Elf Fire Elementalist began the quest for
                  | the Orb.
     0 | D:1      | Reached XP level 1. HP: 10/10 MP: 6/6
    20 | D:1      | Identified a +0 short sword
    22 | D:1      | Identified a +0 dagger
    31 | D:1      | HP: 2/10 [jackal (3)]
    68 | D:1      | Identified a +0 dagger
    80 | D:1      | Slain by a leopard gecko

Table legend:
 A = Turns spent in this place as a percentage of turns spent in the entire game.
 B = Non-inter-level travel turns spent in this place as a percentage of non-inter-level travel turns spent in the entire game.
 C = Inter-level travel turns spent in this place as a percentage of turns spent in this place.
 D = Turns resting spent in this place as a percentage of non-inter-level travel turns spent in this place.
 E = Turns spent auto-exploring this place as a percentage of non-inter-level travel turns spent in this place.
 F = Non-inter-level travel turns spent in this place divided by the number of levels of this place that you've seen.
                   A       B       C       D       E      F
               +-------+-------+-------+-------+-------+----------------------
         Total | 100.0 | 100.0 |   0.0 |  46.2 |  27.5 |  80.0
       Dungeon | 100.0 | 100.0 |   0.0 |  46.2 |  27.5 |  80.0
               +-------+-------+-------+-------+-------+----------------------

Table legend:
 A = Kills in this place as a percentage of kills in entire the game.
 B = Kills by you in this place as a percentage of kills by you in the entire game.
 C = Kills by friends in this place as a percentage of kills by friends in the entire game.
 D = Other kills in this place as a percentage of other kills in the entire game.
 E = Experience gained in this place as a percentage of experience gained in the entire game.
 F = Experience gained in this place divided by the number of levels of this place that you have seen.
                   A       B       C       D       E      F
               +-------+-------+-------+-------+-------+----------------------
         Total | 100.0 | 100.0 |   N/A |   N/A | 100.0 |   7.0
       Dungeon | 100.0 | 100.0 |   N/A |   N/A | 100.0 |   7.0
               +-------+-------+-------+-------+-------+----------------------

Action                   || total
-------------------------++-------
 Cast: Foxfire           ||     7
Armor: Robe              ||     1
Dodge: Dodged            ||     4

Vanquished Creatures
  2 jackals (D:1)
  3 kobolds (D:1)
5 creatures vanquished.

Vanquished Creatures (others)
  10 foxfires (D:1)
10 creatures vanquished.

Grand Total: 15 creatures vanquished
